Map: Hecate LE

Players

SubN - Winner!

  • Race: Zerg Zerg
  • League: Diamond
  • Spawn Location: 7:00

Cyanisis

  • Race: Protoss Protoss
  • League: Diamond
  • Spawn Location: 1:00

VOD

Have the link to the VOD?

Description

Time

  • Played on: Jan. 22, 2024, 1:57 p.m.
  • Length: 14:34
Show
View Real Time Build Order
Export as new Build Order

SubN Zerg - Winner!

Build Orders: Pool First 

Get SALT Encoding   

  12  0:00  Drone  
  13  0:12  Overlord  
  13  0:16  Drone  
  14  0:30  Drone x2  
  14  0:34  Drone  
  17  0:45  Spawning Pool  
  17  0:48  Drone  
  17  1:08  Hatchery  
  17  1:11  Drone  
  17  1:16  Drone  
  18  1:20  Drone  
  19  1:26  Extractor  
  19  1:30  Overlord  
  18  1:41  Drone  
  19  1:51  Queen  
  19  1:54  Zergling x2  
  22  2:00  Zergling x2  
  23  2:11  Zergling x2  
  24  2:19  Queen  
  24  2:22  Drone x2  
  28  2:26  Queen  
  30  2:30  Drone  
  31  2:39  Drone  
  30  2:58  Drone x2  
  30  2:59  Drone x2  
  30  3:04  Lair  
  34  3:11  Hatchery  
  33  3:13  Queen  
  33  3:16  Overlord  
  33  3:18  Overlord  
  38  3:34  Drone x3  
  38  3:35  Drone x4  
  38  3:36  Drone  
  43  3:43  Extractor  
  43  3:47  Drone  
  43  3:49  Roach Warren  
  43  3:51  Overlord  
  42  4:03  Drone x6  
  42  4:09  Drone x2  
  50  4:11  Extractor  
  50  4:12  Drone x2  
  50  4:16  Overlord  
  51  4:19  Evolution Chamber  
  51  4:20  Overlord  
  50  4:28  Glial Reconstitution  
  50  4:33  Queen  
  50  4:35  Overlord  
  50  4:36  Overlord  
  52  4:46  Zerg Missile Weapons Level 1  
  52  4:48  Roach x3  
  52  4:52  Roach  
  62  4:53  Roach  
  62  5:00  Roach x3  
  62  5:07  Roach x2  
  70  5:10  Overlord x2  
  72  5:15  Roach x2  
  76  5:23  Roach x2  
  76  5:24  Roach  
  76  5:27  Roach x2  
  86  5:33  Roach x2  
  86  5:35  Roach  
  92  5:37  Roach  
  92  5:39  Overlord  
  94  5:43  Overlord  
  94  5:52  Roach x3  
  100  5:59  Roach  
  100  6:00  Roach x3  
  103  6:20  Roach x5  
  103  6:21  Roach x3  
  119  6:26  Roach  
  119  6:28  Overlord  
  119  6:29  Overlord  
  105  6:48  Roach x3  
  105  6:49  Roach x5  
  105  6:53  Roach  
  123  6:54  Roach  
  107  7:15  Zergling x2  
  88  7:16  Zergling x14  
  95  7:24  Roach  
  95  7:25  Roach x6  
  103  7:35  Roach  
  103  7:36  Roach  
  91  7:48  Roach x5  
  91  7:49  Roach x2  
  91  7:50  Metabolic Boost  
  105  7:52  Roach  
  105  7:55  Roach  
  109  8:06  Roach x4  
  103  8:30  Roach x10  
  89  8:42  Roach x2  
  89  8:43  Roach x2  
  91  8:52  Roach  
  91  8:53  Roach x3  
  91  8:59  Zergling x2  
  91  9:00  Zergling x10  
  97  9:07  Roach  
  97  9:08  Roach x2  
  103  9:12  Zergling x2  
  103  9:13  Zergling x4  
  94  9:35  Roach  
  94  9:36  Roach x7  
  106  9:53  Roach x2  
  106  9:54  Roach x3  
  116  10:02  Roach x3  
  118  10:10  Roach  
  118  10:11  Roach x2  
  97  10:44  Zergling x2  
  97  10:45  Zergling x22  
  93  11:00  Zergling x18  
  102  11:09  Zergling x2, Roach x2  
  98  11:21  Roach x3  
  87  11:29  Zergling x2  
  87  11:30  Zergling x16  
  86  11:39  Roach  
  92  11:40  Roach x2  
  92  11:46  Roach x2  
  96  12:00  Roach x5  
  96  12:01  Roach x5  
  112  12:12  Roach  
  112  12:13  Roach x2  
  113  12:21  Hatchery  
  94  12:26  Roach  
  94  12:27  Roach x10  
  100  12:36  Roach x3  
  106  12:53  Roach x5  
  106  12:56  Zergling x2  
  106  12:57  Zergling x2  
  118  13:10  Drone x3  
  118  13:11  Drone x4  
  122  13:32  Roach  
  122  13:33  Roach x6  
  136  13:45  Queen  
  138  13:50  Zergling x2  
  138  13:51  Zergling x10  
  144  14:02  Overlord x5  
Show
View Real Time Build Order
Export as new Build Order

Cyanisis Protoss 

Build Orders: Nexus First, Archon Immortal, Archon Drop 

Get SALT Encoding   

  12  0:00  Probe  
  13  0:12  Probe  
  14  0:42  Nexus  
  14  0:52  Pylon  
  14  0:53  Probe  
  15  1:10  Gateway, Probe (Chrono Boost)  
  16  1:19  Assimilator  
  16  1:21  Probe (Chrono Boost)  
  17  1:25  Probe (Chrono Boost)  
  18  1:36  Probe  
  18  1:38  Pylon  
  19  1:48  Probe  
  20  1:58  Cybernetics Core  
  20  2:00  Probe  
  21  2:04  Probe  
  22  2:10  Zealot  
  22  2:12  Probe  
  25  2:16  Probe  
  26  2:24  Gateway  
  26  2:28  Probe x2  
  28  2:35  Warp Gate, Assimilator  
  28  2:52  Adept  
  28  2:53  Probe  
  28  2:54  Probe  
  32  3:06  Probe x2  
  32  3:10  Twilight Council  
  34  3:15  Stalker  
  34  3:18  Probe x2 (Chrono Boost)  
  38  3:25  Pylon  
  40  3:28  Probe x2 (Chrono Boost)  
  40  3:29  Sentry  
  40  3:32  Probe (Chrono Boost)  
  40  3:33  Probe (Chrono Boost)  
  44  3:48  Stalker  
  46  3:49  Probe x2  
  46  3:53  Assimilator  
  48  3:55  Assimilator  
  48  4:01  Probe x2  
  50  4:03  Robotics Facility  
  50  4:06  Charge (Chrono Boost)  
  50  4:13  Pylon, Probe x2  
  50  4:16  Pylon  
  52  4:28  Forge  
  52  4:31  Gateway  
  52  4:32  Gateway  
  52  4:34  Gateway  
  52  4:35  Gateway  
  52  4:48  Probe x2  
  54  4:54  Immortal  
  58  5:00  Probe x2, Protoss Ground Weapons Level 1 (Chrono Boost)  
  58  5:05  Templar Archives  
  58  5:06  Pylon  
  60  5:10  Pylon  
  60  5:12  Probe x2  
  62  5:19  Pylon  
  62  5:24  Probe x2  
  62  5:26  Pylon  
  64  5:30  Warp Prism (Chrono Boost)  
  66  5:36  Probe  
  66  5:37  Probe  
  68  5:45  High Templar x2  
  68  5:47  Zealot x2  
  68  5:48  Zealot  
  68  5:49  Archon  
  78  5:59  Immortal (Chrono Boost), Pylon  
  82  6:08  Nexus  
  82  6:11  Pylon  
  78  6:14  Pylon  
  72  6:19  High Templar x2  
  72  6:20  Zealot x3  
  72  6:23  Archon  
  82  6:37  Zealot  
  84  6:49  Immortal  
  84  6:51  Gateway  
  86  6:54  Gateway  
  86  6:55  Zealot x3  
  86  6:58  Zealot  
  78  7:18  Zealot x3  
  78  7:19  Protoss Ground Weapons Level 2 (Chrono Boost), Zealot  
  82  7:28  Cybernetics Core  
  82  7:33  Gateway  
  82  7:35  Gateway  
  72  7:39  Zealot x2  
  72  7:40  Zealot x2  
  74  7:53  Gateway  
  74  7:54  Gateway  
  74  7:57  Gateway  
  74  8:02  High Templar x2  
  74  8:03  Observer, High Templar x4  
  87  8:06  Archon  
  87  8:07  Archon x2  
  87  8:12  Assimilator  
  77  8:28  Zealot  
  63  8:44  Zealot x4  
  63  8:45  Zealot x2  
  63  8:46  Zealot  
  71  9:03  Probe x2  
  71  9:05  Probe  
  74  9:13  Immortal (Chrono Boost)  
  74  9:15  Probe x2  
  78  9:17  Probe  
  78  9:23  Robotics Bay  
  73  9:27  Probe x2  
  73  9:31  Zealot x2  
  73  9:32  High Templar x2  
  73  9:38  Archon  
  68  9:43  Immortal (Chrono Boost)  
  69  9:48  Zealot x2  
  69  9:51  High Templar  
  70  9:53  High Templar  
  69  10:00  Archon  
  61  10:11  Zealot  
  61  10:12  Zealot x5  
  67  10:32  Nexus  
  67  10:33  High Templar  
  61  10:54  High Templar  
  61  10:56  Zealot x4  
  71  10:57  Zealot x2  
  75  11:04  Assimilator  
  75  11:11  High Templar  
  63  11:30  Zealot x2  
  63  11:31  Zealot x3  
  63  11:32  Zealot x2  
  71  11:33  Archon  
  71  11:43  Immortal  
  63  12:00  Probe  
  63  12:01  Probe x2  
  66  12:12  Probe  
  66  12:13  Probe x2  
  65  12:30  High Templar x4  
  71  12:43  Zealot x4  
  79  12:48  Pylon, Probe  
  80  12:52  Archon x2  
  82  13:05  Probe (Chrono Boost)  
  82  13:06  Probe (Chrono Boost)  
  82  13:07  Probe (Chrono Boost)  
  83  13:17  Probe (Chrono Boost)  
  84  13:37  High Templar  
  84  13:38  High Templar, Zealot x2  
  84  13:39  Zealot  
  94  13:42  Archon  
  90  14:14  High Templar x2  
  62  14:18  Archon  
Tags
 
Add a new tag
Caveats
  • Supply blocks, unpowered buildings, or Contaminate may cause inaccurate times.
  • Supply counts are checked every 10 seconds.